 Dungeon Crawl Stone Soup version 0.17-a0-1322-g2a080e7 (webtiles) character file.

28 Boomshaker the Ruffian (level 3, -5/31 HPs)
             Began as a Naga Transmuter on June 9, 2015.
             Slain by a hobgoblin
             ... wielding a +0 club
             ... led by Robin
              (6 damage)
             ... on level 1 of the Dungeon.
             The game lasted 00:03:30 (1759 turns).

Boomshaker the Ruffian (Naga Transmuter)            Turns: 1759, Time: 00:03:30

Health: -5/31      AC:  2    Str: 12    XL:     3   Next: 12%
Magic:  6/6        EV: 10    Int: 14    God:
Gold:   64         SH:  0    Dex: 11    Spells: 2 memorised, 2 levels left

rFire  . . .     SeeInvis +       - Unarmed
rCold  . . .     Clarity  .     b - +0 robe
rNeg   . . .     SustAt   .     (no shield)
rPois  +         Gourm    .     (no helmet)
rElec  .         Spirit   .     (no cloak)
rCorr  .         Warding  .     (no gloves)
rMut   .         Stasis   .     (no barding)
MR     .....                    (no amulet)
Stlth  +.........               (no ring)
                                (no ring)

@: very slow, not resistant to hostile enchantments, very unstealthy
A: see invisible, deformed body, poison resistance, slowness 2, slow metabolism
1, spit poison 2, AC +1
a: Spit Poison


You were on level 1 of the Dungeon.
You were not hungry.

You visited 1 branch of the dungeon, and saw 2 of its levels.

You collected 64 gold pieces.

Inventory:

Missiles
 a - 42 arrows
 g - a throwing net (quivered)
Armour
 b - a +0 robe (worn)
Potions
 e - a potion of flight {unknown}
 h - 2 potions of degeneration {unknown}
 i - 2 potions of lignification {unknown}
 k - a potion of might {unknown}
Books
 c - a book of Changes

   Spells                             Type                      Level
   a - Beastly Appendage              Transmutation                1
   b - Sticks to Snakes               Transmutation                2
   c - Spider Form                    Transmutation/Poison         3
   d - Ice Form                       Ice/Transmutation            4
   e - Blade Hands                    Transmutation                5
Comestibles
 d - a bread ration
 f - 2 fruits
 l - 4 chunks of flesh


   Skills:
 - Level 1.0 Fighting
 - Level 1.5 Dodging
 * Level 3.6 Unarmed Combat
 + Level 2.2 Spellcasting
 + Level 2.4 Transmutations


You had 2 spell levels left.
You knew the following spells:

 Your Spells              Type           Power        Failure   Level  Hunger
a - Beastly Appendage     Trmt           #.....       10%         1    #......
b - Spider Form           Trmt/Pois      #.........   47%         3    ###....


Dungeon Overview and Level Annotations

Branches:
Dungeon (2/15)

Altars:


Innate Abilities, Weirdness & Mutations

You cannot wear boots.
Your serpentine skin is tough (AC +1).
You have supernaturally acute eyesight.
Armour fits poorly on your strangely shaped body.
Your system is resistant to poisons.
You cover ground very slowly.
You have a slow metabolism.
You can spit poison.


Message History

The goblin barely misses you. The hobgoblin hits you with a club.
The goblin hits you but does no damage. The goblin hits you with a club.
You climb upwards.
There is a stone staircase leading down here.
As you read the scroll labeled WAORER UNUCE, it crumbles to dust.
You feel blessed for a moment.
It was a scroll of remove curse.
The goblin hits you with a club. The hobgoblin hits you with a club.
The goblin hits you with a dagger. The goblin hits you with a club.
* * * LOW HITPOINT WARNING * * *
You barely miss the goblin. The goblin hits you with a club.
* * * LOW HITPOINT WARNING * * *
The goblin hits you with a dagger.
* * * LOW HITPOINT WARNING * * *
The hobgoblin hits you but does no damage.
You barely miss the goblin. The goblin hits you with a club.
* * * LOW HITPOINT WARNING * * *
The goblin hits you with a club.
* * * LOW HITPOINT WARNING * * *
The goblin hits you but does no damage. The hobgoblin hits you with a club.
You die...

.##)###.##...P.P...# #.#
........##.........# #.#
###.##.####...<....# #.# #
#.##.# #.......## #.# #
#.##)####..P.P..## #.# #
#................# #.# #
####.####.##....#########.#
# #.# #.####gg..........#
######.#
#.####@############
.......# #....gg# ########
######.# #.# #.# #.# #(#
#.# ################.#


You could see a hobgoblin and 3 goblins.

Vanquished Creatures
  A worm (D:1)
  2 bats (D:1)
  A giant cockroach (D:1)
  7 goblins (D:1)
  4 hobgoblins (D:1)
  3 giant newts (D:1)
  2 kobolds (D:1)
  4 rats (D:1)
24 creatures vanquished.

Notes
Turn   | Place    | Note
--------------------------------------------------------------
     0 | D:1      | Boomshaker the Naga Transmuter began the quest for the Orb.
     0 | D:1      | Reached XP level 1. HP: 18/18 MP: 3/3
   715 | D:1      | Reached XP level 2. HP: 25/25 MP: 3/5
  1567 | D:1      | Reached XP level 3. HP: 21/31 MP: 3/6
  1589 | D:1      | Learned a level 3 spell: Spider Form
  1759 | D:1      | HP: 1/31 [goblin/club[Robin] (3)]
  1759 | D:1      | Slain by a hobgoblin

Vault maps used:
D:1:      dpeg_arrival_orchard, kennysheep_another_room
D:2:      first_bread, uniq_jessica, uniq_crazy_yiuf_cottage, uniq_robin

Action                   || total
-------------------------++-------
Melee: Unarmed           ||    87
 Cast: Beastly Appendage ||     9
  Use: Scroll            ||     1
 Stab: Sleeping          ||     2
  Eat: Chunk             ||     2
